Match 45900538
Unlisted

Match 45900538
End
Kradschützen Motorcycle Team
Selects Panzerjäger Kommand Battlegroup
Selects Mine Fields
Panzerpioneer Squad
250 Light Carrier
Panzerpioneer Squad
Selects GrB 39 Grenade Launcher Requisition
250 Light Carrier
Kradschützen Motorcycle Team
Construct Light Support Kompanie
Construct Mechanized Kompanie
Kradschützen Motorcycle Team
Vehicle Survival Package
Support Armor Elements
8 Rad Armored Car
Emergency Repair Kits
2.5-tonne Medical Truck
Selects Defensive Positions
Selects Butterfly Bomb Drop
250 Light Carrier
Kradschützen Motorcycle Team
Construct Panzerarmee Kommand
Selects Crew Shock Tactics
Armored Reserves
Rapid Advance
Butterfly Bomb Drop
Kradschützen Motorcycle Team
Tiger Heavy Tank
Tungsten Core Ammunition
Panzerpioneer Squad
250 Light Carrier
Flakvierling Half-track
Butterfly Bomb Drop
Kradschützen Motorcycle Team
Alloyzy Klex®
SEPH
Panda Le GaY's
Skryme
0
0

Comments sign in to comment!

No comments posted yet!